General information
- name: BNet
- type: Ladder team game (AT/RT)
- host: Battle.net
- saver: DIE-INGRATES
map: FullScaleAssault
- players: 8
- length: 49:46
- speed: Fast
- version: 1.26 W3XP
- replay type: Public
» download(227 KB)
Players
team 1 (loser)

»
rc6001 (
red | 38 APM | 1911 actions | 49:46)
6 Death Knight
1 Death Coil
3 Unholy Aura
1 Death Pact
1 Animate Dead
5 Lich
3 Frost Nova
2 Frost Armor
5 Dark Ranger
3 Silence
2 Life Drain
1 Dreadlord
1 Vampiric Aura
» actions
| Assign group hotkey | 34 | |
| Basic commands | 17 | |
| Build / train | 92 | |
| Enter build submenu | 34 | |
| Enter hero's abilities submenu | 17 | |
| Give item / drop item | 9 | |
| Remove unit from queue | 3 | |
| Right click | 812 | |
| Select / deselect | 366 | |
| Select group hotkey | 409 | |
| Use ability | 114 | |
1911 total
» units
| Acolyte | 35 | |
| Ghoul | 3 | |
| Crypt Fiend | 7 | |
| Frost Wyrm | 5 | |
| Abomination | 3 | |
53 total
» upgrades
| Web | 1 | |
| Burrow | 1 | |
| Creature Attack | 3 | |
| Creature Carapace | 2 | |
| Freezing Breath | 1 | |
8 total
» buildings
| Ziggurat | 19 | |
| Altar of Darkness | 1 | |
| Crypt | 2 | |
| Graveyard | 1 | |
| Tomb of Relics | 2 | |
| Nerubian Tower | 1 | |
| Halls of the Dead | 1 | |
| Necropolis | 1 | |
| Spirit Tower | 3 | |
| Black Citadel | 1 | |
| Sacrificial Pit | 2 | |
| Boneyard | 2 | |
36 total
» build order
00:12 Ziggurat
00:20 Altar of Darkness
00:39 Crypt
01:07 Graveyard
01:25 Ziggurat
01:59 Tomb of Relics
02:03 Tomb of Relics
02:13 Nerubian Tower
04:02 Ziggurat
06:30 Halls of the Dead
08:07 Necropolis
08:09 Ziggurat
08:12 Ziggurat
08:15 Ziggurat
08:18 Ziggurat
09:12 Spirit Tower
09:13 Spirit Tower
10:08 Black Citadel
10:20 Spirit Tower
10:23 Sacrificial Pit
10:44 Sacrificial Pit
13:20 Boneyard
13:21 Boneyard
13:57 Ziggurat
13:58 Ziggurat
14:02 Ziggurat
27:25 Ziggurat
27:28 Ziggurat
27:30 Ziggurat
30:57 Crypt
32:06 Ziggurat
32:09 Ziggurat
32:11 Ziggurat
32:13 Ziggurat
32:17 Ziggurat
32:20 Ziggurat
» items
| Rod of Necromancy | 1 | |
| Orb of Corruption | 1 | |
| Scroll of Town Portal | 2 | |
4 total

»
TheFrat (
yellow | 35 APM | 1077 actions | 30:53)
5 Priestess of the Moon
2 Searing Arrows
3 Trueshot Aura
» actions
| Basic commands | 3 | |
| Build / train | 92 | |
| Enter build submenu | 27 | |
| Enter hero's abilities submenu | 6 | |
| Right click | 557 | |
| Select / deselect | 341 | |
| Use ability | 51 | |
1077 total
» units
| Wisp | 27 | |
| Archer | 12 | |
| Goblin Zeppelin | 1 | |
| Hippogryph | 24 | |
| Blue Dragon | 1 | |
| Glaive Thrower | 9 | |
74 total
» upgrades
| Strength of the Moon | 3 | |
| Moon Armor | 3 | |
| Improved Bows | 1 | |
| Hippogryph Taming | 1 | |
| Vorpal Blades | 1 | |
| Marksmanship | 1 | |
10 total
» buildings
| Altar of Elders | 1 | |
| Moon Well | 10 | |
| Ancient of War | 1 | |
| Ancient of Wonders | 1 | |
| Hunter's Hall | 1 | |
| Tree of Ages | 1 | |
| Ancient of Wind | 1 | |
| Tree of Life | 2 | |
| Tree of Eternity | 1 | |
| Ancient Protector | 6 | |
25 total
» build order
00:10 Altar of Elders
00:15 Moon Well
00:41 Ancient of War
01:32 Moon Well
02:31 Moon Well
02:58 Ancient of Wonders
03:12 Hunter's Hall
03:31 Moon Well
04:38 Moon Well
05:49 Moon Well
05:51 Tree of Ages
08:39 Ancient of Wind
09:33 Tree of Life
10:18 Tree of Eternity
11:45 Moon Well
12:40 Moon Well
13:11 Ancient Protector
13:29 Ancient Protector
13:58 Ancient Protector
14:38 Ancient Protector
14:53 Ancient Protector
15:03 Ancient Protector
16:51 Tree of Life
22:24 Moon Well
23:21 Moon Well
DIE-INGRATES (
orange | 64 APM | 3166 actions | 49:46)
7 Blademaster
3 Wind Walk
3 Critical Strike
1 Bladestorm
2 Shadow Hunter
1 Hex
1 Healing Wave
» actions
| Assign group hotkey | 55 | |
| Basic commands | 235 | |
| Build / train | 84 | |
| Enter build submenu | 25 | |
| Enter hero's abilities submenu | 9 | |
| Give item / drop item | 9 | |
| Remove unit from queue | 2 | |
| Right click | 990 | |
| Select / deselect | 372 | |
| Select group hotkey | 1126 | |
| Use ability | 258 | |
3166 total
» units
| Peon | 17 | |
| Grunt | 4 | |
| Goblin Shredder | 2 | |
| Goblin Zeppelin | 2 | |
| Troll Batrider | 8 | |
| Wind Rider | 8 | |
| Goblin Sapper | 5 | |
| Acolyte | 1 | |
47 total
» upgrades
| Ranged Weapons | 3 | |
| Armor | 3 | |
| Liquid Fire | 1 | |
| Reinforced Defenses | 1 | |
| Envenomed Spears | 1 | |
9 total
» buildings
| Altar of Storms | 1 | |
| Orc Burrow | 6 | |
| Barracks | 1 | |
| Voodoo Lounge | 1 | |
| Stronghold | 2 | |
| War Mill | 2 | |
| Great Hall | 3 | |
| Watch Tower | 38 | |
| Beastiary | 4 | |
| Fortress | 2 | |
60 total
» build order
00:08 Altar of Storms
00:16 Orc Burrow
00:39 Barracks
01:24 Orc Burrow
01:56 Voodoo Lounge
02:48 Stronghold
03:42 Orc Burrow
04:03 War Mill
06:54 Great Hall
06:56 Watch Tower
06:57 Watch Tower
06:57 Watch Tower
06:58 Watch Tower
07:04 Watch Tower
07:05 Watch Tower
07:06 Watch Tower
07:10 Watch Tower
07:37 Beastiary
07:37 Beastiary
08:28 Watch Tower
09:47 Great Hall
09:52 Watch Tower
09:52 Watch Tower
09:53 Watch Tower
10:16 Watch Tower
10:16 Watch Tower
10:18 Watch Tower
10:20 Watch Tower
10:39 Fortress
10:39 Fortress
11:06 Watch Tower
11:06 Watch Tower
12:28 Watch Tower
12:29 Watch Tower
12:42 Watch Tower
12:42 Watch Tower
12:43 Watch Tower
12:44 Watch Tower
12:45 Watch Tower
12:46 Watch Tower
12:46 Watch Tower
12:46 Watch Tower
13:57 Orc Burrow
14:34 Beastiary
14:37 Beastiary
14:40 Orc Burrow
14:40 Orc Burrow
14:58 War Mill
15:54 Watch Tower
15:55 Watch Tower
15:55 Watch Tower
15:56 Watch Tower
17:32 Watch Tower
17:33 Watch Tower
17:34 Watch Tower
17:34 Watch Tower
17:34 Watch Tower
17:35 Watch Tower
20:38 Great Hall
27:28 Stronghold
» items
| Healing Salve | 3 | |
| Staff of Teleportation | 1 | |
| Orb of Lightning | 1 | |
| Lesser Clarity Potion | 1 | |
| Scroll of Town Portal | 2 | |
| Boots of Speed | 1 | |
9 total

»
Darkdeeds (
pink | 29 APM | 478 actions | 16:25)
4 Dreadlord
2 Vampiric Aura
1 Sleep
1 Carrion Swarm
» actions
| Basic commands | 30 | |
| Build / train | 44 | |
| ESC pressed | 1 | |
| Enter build submenu | 18 | |
| Enter hero's abilities submenu | 4 | |
| Right click | 174 | |
| Select / deselect | 174 | |
| Use ability | 31 | |
478 total
» units
| Acolyte | 8 | |
| Ghoul | 4 | |
| Crypt Fiend | 8 | |
| Abomination | 6 | |
| Obsidian Statue | 3 | |
29 total
» upgrades
| Web | 1 | |
| Unholy Strength | 3 | |
| Unholy Armor | 2 | |
| Disease Cloud | 1 | |
7 total
» buildings
| Altar of Darkness | 1 | |
| Ziggurat | 8 | |
| Crypt | 1 | |
| Tomb of Relics | 1 | |
| Graveyard | 1 | |
| Halls of the Dead | 1 | |
| Black Citadel | 1 | |
| Slaughterhouse | 2 | |
16 total
» build order
00:16 Altar of Darkness
00:22 Ziggurat
00:44 Crypt
00:57 Tomb of Relics
01:21 Graveyard
01:44 Ziggurat
03:31 Halls of the Dead
04:04 Ziggurat
05:53 Black Citadel
08:08 Ziggurat
08:44 Ziggurat
08:46 Ziggurat
09:22 Slaughterhouse
09:29 Slaughterhouse
12:52 Ziggurat
13:30 Ziggurat
» items
team 2 (winner)

»
johnny777 (
teal | 28 APM | 596 actions | 21:16)
2 Dreadlord
1 Sleep
1 Carrion Swarm
» actions
| Basic commands | 8 | |
| Build / train | 53 | |
| Enter build submenu | 30 | |
| Enter hero's abilities submenu | 2 | |
| Right click | 264 | |
| Select / deselect | 209 | |
| Use ability | 30 | |
596 total
» units
| Acolyte | 9 | |
| Ghoul | 12 | |
| Crypt Fiend | 5 | |
| Frost Wyrm | 7 | |
33 total
» upgrades
| Cannibalize | 2 | |
| Web | 1 | |
| Burrow | 1 | |
| Creature Attack | 3 | |
| Creature Carapace | 2 | |
| Freezing Breath | 1 | |
10 total
» buildings
| Altar of Darkness | 1 | |
| Ziggurat | 14 | |
| Crypt | 1 | |
| Graveyard | 1 | |
| Tomb of Relics | 1 | |
| Nerubian Tower | 1 | |
| Halls of the Dead | 1 | |
| Black Citadel | 2 | |
| Sacrificial Pit | 2 | |
| Boneyard | 3 | |
| Spirit Tower | 1 | |
28 total
» build order
00:12 Altar of Darkness
00:17 Ziggurat
01:01 Crypt
01:19 Graveyard
01:41 Ziggurat
01:53 Ziggurat
02:01 Ziggurat
03:05 Tomb of Relics
03:09 Nerubian Tower
04:47 Halls of the Dead
05:09 Ziggurat
07:07 Ziggurat
07:12 Black Citadel
08:43 Sacrificial Pit
08:50 Sacrificial Pit
09:26 Black Citadel
09:47 Ziggurat
09:52 Ziggurat
10:41 Ziggurat
10:53 Ziggurat
11:55 Boneyard
12:00 Boneyard
12:05 Boneyard
12:10 Spirit Tower
13:56 Ziggurat
14:03 Ziggurat
14:12 Ziggurat
14:16 Ziggurat
» items
| Scroll of Town Portal | 1 | |
| Rod of Necromancy | 1 | |
2 total
ScootyPuffJr. (
purple | 26 APM | 592 actions | 22:26)
3 Crypt Lord
1 Carrion Beetles
2 Spiked Carapace
2 Dark Ranger
1 Black Arrow
1 Life Drain
» actions
| Assign group hotkey | 20 | |
| Basic commands | 34 | |
| Build / train | 53 | |
| ESC pressed | 1 | |
| Enter build submenu | 15 | |
| Enter hero's abilities submenu | 6 | |
| Right click | 110 | |
| Select / deselect | 83 | |
| Select group hotkey | 248 | |
| Use ability | 22 | |
592 total
» units
| Acolyte | 2 | |
| Ghoul | 3 | |
| Crypt Fiend | 17 | |
| Obsidian Statue | 7 | |
29 total
» upgrades
| Creature Attack | 3 | |
| Creature Carapace | 2 | |
| Web | 1 | |
| Burrow | 1 | |
7 total
» buildings
| Altar of Darkness | 1 | |
| Ziggurat | 9 | |
| Crypt | 1 | |
| Graveyard | 1 | |
| Tomb of Relics | 1 | |
| Spirit Tower | 6 | |
| Halls of the Dead | 1 | |
| Slaughterhouse | 1 | |
| Black Citadel | 1 | |
22 total
» build order
00:12 Altar of Darkness
00:16 Ziggurat
00:35 Crypt
01:03 Graveyard
01:23 Ziggurat
01:32 Tomb of Relics
02:33 Ziggurat
03:14 Spirit Tower
04:32 Halls of the Dead
05:21 Ziggurat
07:12 Slaughterhouse
08:17 Ziggurat
10:19 Ziggurat
13:40 Black Citadel
14:15 Ziggurat
17:36 Ziggurat
17:40 Ziggurat
19:57 Spirit Tower
20:18 Spirit Tower
20:53 Spirit Tower
20:59 Spirit Tower
21:03 Spirit Tower
» items
| Rod of Necromancy | 1 | |
| Circlet of Nobility | 1 | |
2 total
TheKingOfRT (
green | 54 APM | 2679 actions | 49:44)
9 Blood Mage
3 Flame Strike
3 Siphon Mana
1 Summon Phoenix
2 Banish
» actions
| Assign group hotkey | 150 | |
| Basic commands | 159 | |
| Build / train | 121 | |
| Enter build submenu | 51 | |
| Enter hero's abilities submenu | 9 | |
| Give item / drop item | 14 | |
| Remove unit from queue | 3 | |
| Right click | 998 | |
| Select / deselect | 566 | |
| Select group hotkey | 372 | |
| Use ability | 236 | |
2679 total
» units
| Peasant | 17 | |
| Footman | 6 | |
| Goblin Shredder | 3 | |
| Sorceress | 2 | |
| Goblin Zeppelin | 1 | |
| Gryphon Rider | 1 | |
| Dragonhawk Rider | 6 | |
| Goblin Sapper | 6 | |
| Blue Dragon | 1 | |
43 total
» upgrades
| Lumber Harvesting | 2 | |
| Masonry | 3 | |
| Sorceress Training | 1 | |
| Magic Sentry | 1 | |
| Storm Hammers | 1 | |
| Swords | 3 | |
| Armor | 3 | |
| Animal War Training | 1 | |
| Cloud | 1 | |
16 total
» buildings
| Altar of Kings | 1 | |
| Barracks | 1 | |
| Farm | 13 | |
| Keep | 1 | |
| Arcane Vault | 1 | |
| Town Hall | 4 | |
| Lumber Mill | 1 | |
| Castle | 1 | |
| Scout Tower | 49 | |
| Guard Tower | 11 | |
| Arcane Sanctum | 1 | |
| Gryphon Aviary | 4 | |
| Blacksmith | 2 | |
90 total
» build order
00:52 Altar of Kings
00:53 Barracks
00:59 Farm
01:06 Farm
01:07 Farm
01:26 Farm
01:27 Farm
01:55 Farm
03:19 Keep
03:49 Arcane Vault
04:16 Town Hall
04:30 Lumber Mill
06:00 Farm
07:08 Castle
07:18 Town Hall
07:21 Scout Tower
07:21 Scout Tower
07:21 Scout Tower
07:22 Scout Tower
07:23 Scout Tower
07:23 Scout Tower
07:24 Scout Tower
07:24 Scout Tower
07:25 Scout Tower
07:25 Scout Tower
07:26 Scout Tower
07:27 Scout Tower
08:15 Guard Tower
08:19 Guard Tower
08:25 Guard Tower
08:35 Scout Tower
08:35 Scout Tower
08:36 Scout Tower
08:37 Scout Tower
08:37 Scout Tower
10:03 Guard Tower
10:05 Guard Tower
10:23 Arcane Sanctum
10:34 Scout Tower
10:34 Scout Tower
10:35 Scout Tower
10:36 Scout Tower
13:18 Guard Tower
13:21 Gryphon Aviary
13:22 Gryphon Aviary
13:23 Gryphon Aviary
13:23 Gryphon Aviary
18:32 Town Hall
19:00 Blacksmith
19:01 Blacksmith
20:16 Farm
20:32 Scout Tower
20:33 Scout Tower
20:33 Scout Tower
20:33 Scout Tower
20:34 Scout Tower
20:34 Scout Tower
21:27 Guard Tower
21:32 Scout Tower
21:33 Scout Tower
21:33 Scout Tower
21:34 Scout Tower
21:35 Scout Tower
21:35 Scout Tower
21:36 Scout Tower
21:36 Scout Tower
21:37 Scout Tower
21:37 Scout Tower
21:39 Scout Tower
21:39 Scout Tower
22:54 Guard Tower
23:02 Scout Tower
23:03 Scout Tower
23:03 Scout Tower
23:03 Scout Tower
23:04 Scout Tower
23:05 Scout Tower
23:05 Scout Tower
23:06 Scout Tower
23:06 Scout Tower
23:06 Scout Tower
23:10 Guard Tower
23:17 Guard Tower
23:26 Farm
23:27 Farm
25:05 Guard Tower
27:01 Farm
32:03 Town Hall
38:12 Farm
» items
| Scroll of Regeneration | 7 | |
| Boots of Speed | 2 | |
| Staff of Teleportation | 2 | |
| Potion of Invisibility | 6 | |
| Potion of Healing | 5 | |
| Potion of Mana | 5 | |
| Lesser Clarity Potion | 1 | |
| Scroll of Town Portal | 8 | |
36 total
MysteryMachine (
blue | 22 APM | 1097 actions | 49:46)
5 Blademaster
3 Wind Walk
2 Critical Strike
1 Shadow Hunter
1 Healing Wave
» actions
| Assign group hotkey | 14 | |
| Basic commands | 6 | |
| Build / train | 88 | |
| Enter build submenu | 47 | |
| Enter hero's abilities submenu | 6 | |
| Give item / drop item | 3 | |
| Remove unit from queue | 1 | |
| Right click | 348 | |
| Select / deselect | 266 | |
| Select group hotkey | 194 | |
| Use ability | 124 | |
1097 total
» units
| Peon | 38 | |
| Wind Rider | 4 | |
| Troll Batrider | 6 | |
| Blue Drake | 1 | |
| Blue Dragon Whelp | 2 | |
| Goblin Shredder | 3 | |
54 total
» upgrades
| Ranged Weapons | 3 | |
| Reinforced Defenses | 1 | |
| Pillage | 1 | |
| Spiked Barricades | 2 | |
| Melee Weapons | 1 | |
| Armor | 1 | |
| Witch Doctor Training | 1 | |
| Shaman Training | 1 | |
| Spirit Walker Training | 1 | |
12 total
» buildings
| War Mill | 6 | |
| Stronghold | 1 | |
| Altar of Storms | 5 | |
| Orc Burrow | 5 | |
| Voodoo Lounge | 2 | |
| Beastiary | 4 | |
| Fortress | 1 | |
| Great Hall | 9 | |
| Watch Tower | 8 | |
| Spirit Lodge | 2 | |
43 total
» build order
00:45 War Mill
01:23 Stronghold
01:41 Altar of Storms
02:00 Orc Burrow
02:56 Voodoo Lounge
03:36 Orc Burrow
03:52 Beastiary
04:33 Beastiary
05:20 Beastiary
05:54 Orc Burrow
06:01 Orc Burrow
08:21 War Mill
10:57 Orc Burrow
13:29 Fortress
17:30 Beastiary
18:31 Great Hall
28:10 Altar of Storms
28:19 Great Hall
28:33 Great Hall
29:00 Great Hall
29:15 Great Hall
29:25 Voodoo Lounge
30:12 War Mill
30:25 Watch Tower
30:26 Watch Tower
30:54 Spirit Lodge
31:35 War Mill
31:39 Watch Tower
31:59 Watch Tower
32:18 War Mill
32:48 Spirit Lodge
34:00 Watch Tower
34:13 War Mill
36:20 Great Hall
37:23 Altar of Storms
37:37 Great Hall
38:03 Watch Tower
38:24 Watch Tower
38:41 Watch Tower
39:52 Great Hall
41:09 Altar of Storms
44:29 Great Hall
44:46 Altar of Storms
» items
| Healing Salve | 1 | |
| Lesser Clarity Potion | 2 | |
| Potion of Healing | 1 | |
| Potion of Mana | 1 | |
| Orb of Lightning | 1 | |
| Potion of Lesser Invulnerability | 1 | |
| Boots of Speed | 1 | |
8 total
Chat log
(00:09 / All) TheKingOfRT: You're killing me Smalls
(00:24 / All) DIE-INGRATES: ITS A SMORE PAY ATTENTION
(00:36 / All) DIE-INGRATES: SMORE OF WHAT?
(00:51 / All) DIE-INGRATES: FOR
(00:52 / All) DIE-INGRATES: EV
(00:53 / Allies) DIE-INGRATES: ER
(00:56 / All) DIE-INGRATES: ERRRR
(01:08 / All) DIE-INGRATES: Wendy peppercorn
(01:14 / All) TheKingOfRT: That kid wore hipster glasses before it was cool
(01:33 / All) DIE-INGRATES: whats his name i forgot
(01:43 / All) TheKingOfRT: his name was faggot
(01:45 / All) DIE-INGRATES: squints
(02:24 / All) TheKingOfRT: My mom is such a bitch
(02:29 / All) DIE-INGRATES: wy
(02:30 / All) TheKingOfRT: I want to be hardcore but she just won't let me
(02:42 / All) DIE-INGRATES: it was fathers day
(03:16 / All) TheKingOfRT: I want to be an illegitimate daddy
(03:35 / All) DIE-INGRATES: carnival in town soon
(04:02 / All) TheKingOfRT: world's greatest illegitimate daddy
(07:18 / Allies) DIE-INGRATES: gold plz
(08:47 / Allies) rc6001: units all?
(08:52 / Allies) TheFrat: hipp riders
(09:05 / Allies) Darkdeeds: wyrms
(09:05 / Allies) DIE-INGRATES: bats wyverns
(09:07 / Allies) DIE-INGRATES: somebodyg et melee
(09:08 / All) TheKingOfRT: mighty fast reaction
(09:16 / Allies) Darkdeeds: i can get aboms
(09:19 / Allies) DIE-INGRATES: k
(10:00 / All) TheKingOfRT: raped
(10:06 / Allies) DIE-INGRATES: gold plz
(11:53 / Allies) rc6001: anyone getting meelee?
(11:56 / Allies) Darkdeeds: i am
(12:00 / Allies) rc6001: ok
(12:53 / Allies) DIE-INGRATES: wood plz
(13:38 / Allies) DIE-INGRATES: meet up guys
(13:41 / Allies) DIE-INGRATES: lets meet bottom
(14:25 / Allies) Darkdeeds: im rdy
(14:26 / Allies) DIE-INGRATES: meet
(15:11 / Allies) DIE-INGRATES: meet guys
(15:12 / Allies) DIE-INGRATES: come
(15:13 / Allies) DIE-INGRATES: meet
(15:15 / Allies) DIE-INGRATES: ignore green
(15:17 / Allies) rc6001: omw south
(15:29 / Allies) TheFrat: omw bot
(15:35 / Allies) DIE-INGRATES: b
(15:35 / Allies) DIE-INGRATES: red
(16:03 / Allies) DIE-INGRATES: come
(16:04 / Allies) DIE-INGRATES: pink
(16:04 / Allies) DIE-INGRATES: wtf
(16:07 / All) TheKingOfRT: tt
(16:32 / All) TheKingOfRT: lol
(16:40 / All) DIE-INGRATES: they really are frustrated
(16:42 / All) DIE-INGRATES: none are leaving bases
(17:40 / Allies) TheFrat: omw
(18:02 / Allies) rc6001: TP ALL NOW
(18:03 / Allies) rc6001: THEN COUNTER
(18:55 / Allies) TheFrat: counter
(19:01 / Allies) DIE-INGRATES: guys
(19:02 / Allies) DIE-INGRATES: hti bottom
(19:04 / Allies) DIE-INGRATES: do not hit otp
(19:06 / Allies) DIE-INGRATES: hit bottom
(19:07 / Allies) DIE-INGRATES: come
(19:24 / Allies) DIE-INGRATES: come
(19:24 / Allies) DIE-INGRATES: red
(19:25 / Allies) DIE-INGRATES: wtf
(19:28 / Allies) DIE-INGRATES: GIUS
(19:38 / Allies) DIE-INGRATES: B
(19:38 / Allies) DIE-INGRATES: B
(19:38 / Allies) DIE-INGRATES: B
(19:48 / Allies) DIE-INGRATES: red
(19:49 / Allies) DIE-INGRATES: get over here
(19:50 / Allies) DIE-INGRATES: fucker
(19:51 / Allies) DIE-INGRATES: DONT HI TTOP
(21:49 / All) rc6001: owned
(21:59 / All) ScootyPuffJr.: no team dude, green and blue afk
(22:07 / All) rc6001: owned
(22:24 / All) ScootyPuffJr.: yeah, if 4 on 2 is owned, i guess so
(23:26 / Allies) DIE-INGRATES: golxd plz
(23:27 / Allies) DIE-INGRATES: getting tauren
(24:47 / Allies) rc6001: BACK GODDAMN
(24:52 / Allies) rc6001: WHOS MICROING HIM
(24:52 / Allies) DIE-INGRATES: hit
(25:26 / All) TheKingOfRT: owend :)
(26:01 / All) TheKingOfRT: I didn't molest red nearly enough
(26:02 / All) TheKingOfRT: He got cocky
(26:10 / All) rc6001: and you got raped?
(26:12 / All) TheKingOfRT: daddy's making it right by you son
(26:19 / All) TheKingOfRT: when?
(26:44 / All) TheKingOfRT: How much gold do you have?
(27:51 / All) rc6001: lolz raped
(28:01 / All) TheKingOfRT: lozl you are getting raped right now
(28:23 / All) rc6001: WTF OJ
(28:27 / All) TheKingOfRT: lol
(28:28 / All) TheKingOfRT: raoed
(28:29 / All) TheKingOfRT: RAPED
(28:30 / All) TheKingOfRT: RAPED
(28:31 / All) TheKingOfRT: RAPED
(28:32 / All) TheKingOfRT: RAPED
(29:08 / All) DIE-INGRATES: lawl
(29:24 / All) DIE-INGRATES: somebody is out of gold
(29:26 / All) DIE-INGRATES: wink wink
(29:32 / All) DIE-INGRATES: red is selling his items
(29:59 / All) TheKingOfRT: Daddy's home!
(30:36 / All) TheKingOfRT: can you rebuild?
(30:45 / All) DIE-INGRATES: yea he sold his hit
(30:50 / All) TheFrat: typical
(31:03 / All) DIE-INGRATES: coming for u red
(31:06 / All) DIE-INGRATES: alt qq or stay
(31:09 / All) DIE-INGRATES: and be dominated
(31:29 / All) TheKingOfRT: are you going to win red?
(31:37 / All) rc6001: wow
(31:42 / All) DIE-INGRATES: lawl
(31:50 / All) rc6001: didnt know oj was a bsing fag
(32:00 / All) DIE-INGRATES: i aint a fag
(32:02 / All) DIE-INGRATES: im a homo
(32:04 / All) DIE-INGRATES: there is a difference
(32:25 / All) rc6001: well
(32:31 / All) rc6001: one of you is guaranteed a loss
(32:40 / All) DIE-INGRATES: lawl
(32:41 / All) DIE-INGRATES: that is great
(32:43 / All) rc6001: i am gonna eat dinner and chill
(32:44 / All) DIE-INGRATES: rationale
(32:49 / All) TheKingOfRT: hey red!
(32:54 / All) TheKingOfRT: DADDY IS HOME FOR GOOD!
(33:11 / All) DIE-INGRATES: standoff?
(33:13 / All) DIE-INGRATES: will blue stay
(33:54 / All) DIE-INGRATES: come here lichy lichy
(33:56 / All) DIE-INGRATES: like is aid red
(33:58 / All) DIE-INGRATES: 2 options
(34:00 / All) DIE-INGRATES: alt qq or stay
(34:02 / All) DIE-INGRATES: and be disgraced
(36:00 / All) DIE-INGRATES: i think red really is eating dinner
(36:30 / All) DIE-INGRATES: about time i get to finally stab my team
(36:39 / All) DIE-INGRATES: pink was obviously frustrated with u
(36:47 / All) TheKingOfRT: lawls
(36:59 / All) TheKingOfRT: I like how he said "raped"
(37:05 / All) TheKingOfRT: I had not all that much
(37:07 / All) DIE-INGRATES: that was re dit hink
(37:10 / All) TheKingOfRT: he had 3 people or so he thought
(37:13 / All) TheKingOfRT: yeah
(37:26 / All) DIE-INGRATES: im gonna check the replay tonight and see if red really was "afk"
(37:31 / All) DIE-INGRATES: 10 bucks says he wasnt
(38:24 / All) TheKingOfRT: did pink say anything or red about my BM?
(38:40 / All) DIE-INGRATES: not really, they usuallydon't
(38:55 / All) TheKingOfRT: it makes me sad that they don't
(39:07 / All) DIE-INGRATES: they dont know how to defend it
(39:50 / All) TheKingOfRT: Blue has no quit in him
(39:58 / All) DIE-INGRATES: i cant find pinks last food
(40:02 / All) DIE-INGRATES: oh its gone
(40:53 / All) DIE-INGRATES: blue u here?
(40:57 / All) DIE-INGRATES: TALK IN all chat please
(41:08 / All) TheKingOfRT: he's not saying anything
(41:12 / All) TheKingOfRT: just keeps trying to make stuff
(42:40 / All) DIE-INGRATES: im not sure if he'll stay
(42:42 / All) DIE-INGRATES: i know red will
(42:53 / All) TheKingOfRT: blue is not giving up
(46:05 / All) TheKingOfRT: he's finished
(46:10 / All) DIE-INGRATES: 0/0?
(46:17 / All) TheKingOfRT: yes
(46:35 / All) DIE-INGRATES: standoff complete my side
(47:12 / All) DIE-INGRATES: blue
(47:25 / All) DIE-INGRATES: me and green are gonna leave the game
(47:28 / All) DIE-INGRATES: its gonna be you vs blue
(49:43 / All) TheKingOfRT: Farewell, good luck
(49:44 / All) DIE-INGRATES: good luck u 2